[Event "6th Uppsala Young Champions 2019"]
[Site "Uppsala"]
[Date "2019.10.28"]
[Round "5.15"]
[White "Muntean, Victor"]
[Black "Grahn, Vidar"]
[Result "1-0"]
[ECO "B22"]
[WhiteElo "2020"]
[BlackElo "1926"]
[Annotator "NA"]
[PlyCount "93"]
[EventDate "2019.10.25"]
[EventType "swiss"]
[EventCountry "SWE"]
[SourceTitle "playchess.com"]
[Source "ChessBase"]
[SourceQuality "1"]
[TimeControl "5400+30"]

1. e4 c5 2. c3 d5 3. exd5 Qxd5 4. d4 Nc6 5. Nf3 Bg4 6. Be2 cxd4 7. cxd4 e6 8. Nc3 Qa5 9. O-O Nf6 10. h3 Bh5 11. Qb3 Qb4 12. Qxb4 Bxb4 13. Be3 O-O 14. a3 {[%emt 0:00:30] B22: Sicilian: 2 c3} (14. Rac1 Rfd8 15. Rfd1 Nd5 16. Kf1 Nxe3+ 17. fxe3 f6 18. Ne4 Bf7 19. Nc5 Bxc5 20. Rxc5 Nb4 21. a3 b6 {½-½ (30) Simutowe,A (2481)-Jones,G (2554) Cape Town 2009}) 14... Be7 15. Rfd1 Rfd8 16. Rac1 Rac8 17. Na4 $146 ({Better is Predecessor:} 17. g4 $11 Bg6 18. Ne5 (18. Nh4 Kh8 19. Nxg6+ hxg6 20. Bf3 Nd5 21. Nxd5 exd5 {½-½ (81) Van Weersel,A-Bensdorp,M Leiden 1998})) 17... Nd5 (17... Bxf3 $1 $15 18. Bxf3 {[#]} Nxd4 $1 ) 18. Nc5 Bxc5 19. dxc5 Nxe3 20. fxe3 Ne7 21. b4 a6 22. Kf2 Nd5 {[%emt 0:00:30] [#]} (22... Bxf3 $14 23. Bxf3 (23. gxf3 Kf8 $14) 23... Nc6) 23. Rd4 ({White should play} 23. c6 $1 $18 bxc6 24. Bxa6) 23... Kf8 24. g4 Bg6 25. Ne5 Ne7 26. Rcd1 Rxd4 27. Rxd4 Ke8 28. Nc4 e5 29. Rd1 Rd8 30. Nd6+ Kf8 31. Nxb7 Rxd1 32. Bxd1 Bd3 33. Be2 Bxe2 34. Kxe2 Nc6 35. Kd3 Ke7 36. Kc4 Ke6 37. b5 axb5+ 38. Kxb5 Kd7 39. Kb6 g6 40. Nd6 f6 41. Ne4 f5 42. gxf5 gxf5 43. Nf6+ Ke6 44. Kxc6 Kxf6 45. Kd5 e4 46. c6 f4 47. Kxe4 1-0

[Event "6th Uppsala Young Champions 2019"]
[Site "Uppsala"]
[Date "2019.10.28"]
[Round "5.16"]
[White "Dingertz, Erik"]
[Black "Skahlberg Bjerknes-Lima de Far, Warg"]
[Result "1-0"]
[ECO "A36"]
[WhiteElo "1908"]
[BlackElo "1637"]
[Annotator "NA"]
[PlyCount "67"]
[EventDate "2019.10.25"]
[EventType "swiss"]
[EventCountry "SWE"]
[SourceTitle "playchess.com"]
[Source "ChessBase"]
[SourceQuality "1"]
[TimeControl "5400+30"]

1. c4 c5 2. Nc3 Nc6 3. g3 g6 4. Bg2 Bg7 5. a3 d6 6. Rb1 a5 7. e3 {[%emt 0:00:30] A36: Symmetrical English vs ...g6: 4 Bg2 Bg7} (7. d3 e5 8. e4 h5 9. h4 Bh6 10. Bh3 Bxc1 11. Rxc1 Nf6 12. Bxc8 Rxc8 13. Nge2 O-O 14. O-O Qd7 15. Kg2 Kg7 {1-0 (68) Giri,A (2790)-Karjakin,S (2779) Shamkir 2016}) 7... Bf5 8. d3 Nf6 9. Nge2 Qc8 $146 ({Predecessor:} 9... Ne5 10. e4 Bg4 11. h3 Bf3 12. O-O Nfd7 13. Be3 O-O 14. Bxf3 Nxf3+ 15. Kg2 Nde5 {0-1 (46) Gazik,V (2414)-Cernousek,L (2492) Bojnice 2016}) 10. Nb5 Ne5 11. e4 Bg4 12. h3 Bf3 13. O-O Nfd7 14. b3 O-O 15. d4 (15. Bxf3 $14 Nxf3+ 16. Kg2) 15... cxd4 16. Nbxd4 Bxg2 17. Kxg2 {[%emt 0:00:30] [#]} Nc6 (17... a4 $1 $15 ) 18. Be3 (18. a4 $14) 18... Nc5 (18... a4 $15) 19. Nc3 Ne6 (19... a4 $11) 20. Ndb5 Nc7 21. Nxc7 ({White should try} 21. Nd5 Nxd5 22. cxd5 (22. exd5 Ne5 $16)) 21... Qxc7 22. Nd5 Qd8 23. Bb6 Qd7 24. f4 Rac8 $16 25. Bg1 Qe6 26. Qe1 Nd4 27. e5 Nc6 28. exd6 Qxd6 29. b4 axb4 30. axb4 e6 31. Bc5 Qd8 32. Nb6 Rb8 33. Rd1 Qc7 34. Rd7 1-0

[Event "6th Uppsala Young Champions 2019"]
[Site "Uppsala"]
[Date "2019.10.28"]
[Round "6.2"]
[White "Storme, Isak"]
[Black "Abdrlauf, Elham"]
[Result "1/2-1/2"]
[ECO "E20"]
[WhiteElo "2244"]
[BlackElo "2213"]
[Annotator "NA RC"]
[PlyCount "114"]
[EventDate "2019.10.25"]
[EventType "swiss"]
[EventCountry "SWE"]
[SourceTitle "playchess.com"]
[Source "ChessBase"]
[SourceQuality "1"]
[TimeControl "5400+30"]

1. d4 Nf6 2. c4 e6 3. Nc3 Bb4 4. f3 d5 5. a3 Bxc3+ 6. bxc3 c6 7. e3 O-O 8. Bd3 b6 9. Ne2 Ba6 10. cxd5 Bxd3 11. Qxd3 cxd5 12. e4 dxe4 13. fxe4 Nbd7 14. Qf3 Qc7 15. O-O Rac8 16. e5 Nd5 17. Qg4 f5 18. exf6 N7xf6 19. Qxe6+ Kh8 20. Qh3 Ne4 21. Nf4 Nxf4 22. Bxf4 Qxc3 23. Qxc3 Nxc3 24. Be5 Kg8 25. h3 g6 26. Kh2 b5 27. Rxf8+ Kxf8 28. Bd6+ Kf7 29. Re1 Nd5 30. Re5 Rd8 31. Rxd5 a6 32. Rc5 Rxd6 33. Rc7+ Ke6 34. Rxh7 Kd5 35. Kg3 Kc4 36. Kf4 Rxd4+ 37. Kg5 Kb3 38. Kxg6 Kxa3 39. Kf5 Ra4 40. g4 b4 41. h4 b3 42. Re7 b2 43. Re1 Kb3 44. h5 Ra1 45. Re3+ Kc4 46. Re4+ Kc5 47. Re5+ Kd6 48. Re6+ Kd7 49. Rb6 b1=Q+ 50. Rxb1 Rxb1 51. h6 a5 52. g5 Ke7 53. Kg6 Kf8 54. Kh7 Rb7+ 55. Kh8 Rb6 56. g6 Rxg6 57. h7 Ra6 1/2-1/2

[Event "6th Uppsala Young Champions 2019"]
[Site "Uppsala"]
[Date "2019.10.28"]
[Round "6.9"]
[White "Fjallheim, Leif Reinert"]
[Black "Nguyen, Gabriel"]
[Result "1-0"]
[ECO "D00"]
[WhiteElo "1985"]
[BlackElo "2071"]
[Annotator "NA RC"]
[PlyCount "105"]
[EventDate "2019.10.25"]
[EventType "swiss"]
[EventCountry "SWE"]
[SourceTitle "playchess.com"]
[Source "ChessBase"]
[SourceQuality "1"]
[TimeControl "5400+30"]

1. d4 d5 2. Bf4 Nf6 3. Nc3 Bf5 4. e3 c6 5. Nf3 e6 6. Bd3 Bxd3 7. cxd3 h6 8. h3 Be7 9. Qb3 Qb6 10. O-O Qxb3 11. axb3 O-O 12. Na4 Nfd7 13. Rfc1 Na6 14. Ne5 Nxe5 15. Bxe5 f6 16. Bg3 g5 17. Nc5 Bxc5 18. dxc5 e5 19. Ra4 Rfe8 20. Kf1 f5 21. f3 Kg7 22. d4 f4 23. Bf2 e4 24. Re1 exf3 25. gxf3 fxe3 26. Rxe3 Rxe3 27. Bxe3 Kg6 28. Bf2 Re8 29. Bg1 Kh5 30. Kf2 Kh4 31. Bh2 Kh5 32. Bg3 Kg6 33. Bd6 h5 34. Bh2 Kf5 35. Ra1 Re7 36. Bd6 Re6 37. Bh2 Re7 38. Bd6 Re8 39. Bh2 Nb4 40. Rd1 Re6 41. Bb8 a6 42. Bc7 Nc2 43. Rd2 Ne3 44. Be5 Rxe5 45. dxe5 d4 46. Rxd4 Nd5 47. Re4 Nf4 48. Ke3 a5 49. Rxf4+ gxf4+ 50. Kd4 h4 51. e6 Kxe6 52. Ke4 a4 53. bxa4 {[%emt 0:05:45] Kd5+} 1-0

[Event "6th Uppsala Young Champions 2019"]
[Site "Uppsala"]
[Date "2019.10.28"]
[Round "6.11"]
[White "Falkevall, Axel"]
[Black "Berglind, Axel"]
[Result "0-1"]
[ECO "B22"]
[WhiteElo "2036"]
[BlackElo "2062"]
[Annotator "NA RC"]
[PlyCount "60"]
[EventDate "2019.10.25"]
[EventType "swiss"]
[EventCountry "SWE"]
[SourceTitle "playchess.com"]
[Source "ChessBase"]
[SourceQuality "1"]
[TimeControl "5400+30"]

1. e4 c5 2. c3 Nf6 3. e5 Nd5 4. d4 cxd4 5. Nf3 Nc6 6. cxd4 d6 7. Bc4 Nb6 8. Bb3 Bg4 9. Bxf7+ Kd7 10. Bb3 Kc7 11. exd6+ exd6 12. Be3 Rc8 13. Nbd2 d5 14. h3 Bh5 15. O-O Bd6 16. Bc2 Kb8 17. a3 Rf8 18. Qb1 Bxf3 19. Nxf3 Qd7 20. Qd1 Nc4 21. Rb1 Bc7 22. Re1 Qd6 23. g3 Qf6 24. Kg2 Nxe3+ 25. Rxe3 Bb6 26. Rd3 Nxd4 27. Nxd4 Qxf2+ 28. Kh1 Bxd4 29. Rd2 Qxg3 30. Rxd4 Rf2 0-1

[Event "6th Uppsala Young Champions 2019"]
[Site "Uppsala"]
[Date "2019.10.28"]
[Round "6.13"]
[White "Wernberg, Hugo"]
[Black "Soderstrom, Adrian"]
[Result "1-0"]
[ECO "C54"]
[WhiteElo "2006"]
[BlackElo "1960"]
[Annotator "NA RC"]
[PlyCount "117"]
[EventDate "2019.10.25"]
[EventType "swiss"]
[EventCountry "SWE"]
[SourceTitle "playchess.com"]
[Source "ChessBase"]
[SourceQuality "1"]
[TimeControl "5400+30"]

1. e4 e5 2. Nf3 Nc6 3. Bc4 Bc5 4. c3 Nf6 5. d3 d6 6. O-O a6 7. a4 h6 8. Be3 Ba7 9. Bxa7 Rxa7 10. Re1 b5 11. axb5 axb5 12. Rxa7 Nxa7 13. Bb3 O-O 14. Nbd2 c5 15. Nf1 Nc6 16. Ng3 Re8 17. h3 Re7 18. Nh4 Be6 19. Nhf5 Rb7 20. Bc2 Rd7 21. d4 cxd4 22. cxd4 d5 23. dxe5 dxe4 24. Qb1 Nxe5 25. Nxe4 Bxf5 26. Nxf6+ Qxf6 27. Bxf5 Re7 28. Bc2 g6 29. Re4 Kg7 30. Qe1 Nc6 31. Rxe7 Nxe7 32. Qb4 Qg5 33. Bd3 Qc1+ 34. Bf1 Nd5 35. Qxb5 Nf4 36. Qc4 Nxh3+ 37. gxh3 Qxb2 38. Qd5 Qa1 39. Kg2 Qf6 40. Bc4 Qf4 41. Bb3 Qf6 42. h4 h5 43. Qe4 Qc3 44. Bd1 Qa1 45. Be2 Qc3 46. Bf3 Qf6 47. Kg3 Qc3 48. Qf4 Qc5 49. Kg2 Qe7 50. Qg5 Qc7 51. Bxh5 Qc6+ 52. Bf3 Qc4 53. h5 Kh7 54. Bd5 Qc7 55. Qf6 Kg8 56. Qxg6+ Kh8 57. Qf6+ Kg8 58. Qxf7+ Kh8 59. Qg8# 1-0

[Event "6th Uppsala Young Champions 2019"]
[Site "Uppsala"]
[Date "2019.10.28"]
[Round "6.14"]
[White "Carlsson, Ludvig"]
[Black "Ostensson, Julia"]
[Result "1-0"]
[ECO "A00"]
[WhiteElo "2066"]
[BlackElo "1483"]
[Annotator "NA RC"]
[PlyCount "53"]
[EventDate "2019.10.25"]
[EventType "swiss"]
[EventCountry "SWE"]
[SourceTitle "playchess.com"]
[Source "ChessBase"]
[SourceQuality "1"]
[TimeControl "5400+30"]

1. b4 e5 2. Bb2 Bxb4 3. Bxe5 Nf6 4. c4 O-O 5. Nf3 d6 6. Bb2 Nc6 7. Qc2 h6 8. h4 Nh7 9. Nc3 Bxc3 10. Qxc3 Qf6 11. Qb3 Qe7 12. e3 b6 13. Bd3 Nf6 14. Qc3 Re8 15. O-O-O Ne5 16. Nxe5 dxe5 17. f3 Bb7 18. Rh3 a5 19. a3 c6 20. g4 Qd7 21. Bf5 Qd6 22. f4 Nd7 23. d4 exf4 24. d5 Qf6 25. Bxd7 Qxc3+ 26. Bxc3 Re7 27. dxc6 1-0

[Event "6th Uppsala Young Champions 2019"]
[Site "Uppsala"]
[Date "2019.10.28"]
[Round "6.15"]
[White "Mitra, Akash"]
[Black "Ostlund, Joar"]
[Result "1-0"]
[ECO "B00"]
[WhiteElo "1936"]
[BlackElo "1955"]
[Annotator "NA RC"]
[PlyCount "59"]
[EventDate "2019.10.25"]
[EventType "swiss"]
[EventCountry "SWE"]
[SourceTitle "playchess.com"]
[Source "ChessBase"]
[SourceQuality "1"]
[TimeControl "5400+30"]

1. e4 e5 2. Nf3 Nc6 3. Nc3 Nf6 4. Be2 d6 5. d4 Bg4 6. d5 Bxf3 7. Bxf3 Nd4 8. Be3 Nxf3+ 9. Qxf3 g6 10. O-O-O Bg7 11. Kb1 Qd7 12. h3 O-O 13. Rd3 b5 14. Bg5 Ne8 15. g4 b4 16. Ne2 a5 17. h4 c5 18. dxc6 Qxc6 19. Be7 a4 20. Bxf8 Bxf8 21. c3 bxc3 22. Nxc3 Nc7 23. h5 Ne6 24. Nd5 Nd4 25. Rxd4 exd4 26. hxg6 fxg6 27. Nf6+ Kf7 28. Rxh7+ Bg7 29. Nd5+ Ke8 30. Rxg7 1-0

[Event "6th Uppsala Young Champions 2019"]
[Site "Uppsala"]
[Date "2019.10.28"]
[Round "6.16"]
[White "Grahn, Vidar"]
[Black "Skahlberg Bjerknes-Lima de Far, Warg"]
[Result "1-0"]
[ECO "B78"]
[WhiteElo "1926"]
[BlackElo "1637"]
[Annotator "NA RC"]
[PlyCount "111"]
[EventDate "2019.10.25"]
[EventType "swiss"]
[EventCountry "SWE"]
[SourceTitle "playchess.com"]
[Source "ChessBase"]
[SourceQuality "1"]
[TimeControl "5400+30"]

1. e4 c5 2. Nf3 Nc6 3. d4 cxd4 4. Nxd4 d6 5. Nc3 g6 6. Be3 Bg7 7. Bc4 Nf6 8. f3 Bd7 9. Qd2 O-O 10. O-O-O a6 11. g4 Rc8 12. Bb3 Be8 13. h4 b5 14. h5 b4 15. Nd5 e6 16. Nxf6+ Qxf6 17. hxg6 Qxg6 18. Rh3 Qf6 19. Qh2 h6 20. g5 Qe5 21. gxh6 Qxh2 22. Rxh2 Bxd4 23. Bxd4 Nxd4 24. Rxd4 a5 25. a4 Rd8 26. h7+ Kh8 27. Rhd2 Bc6 28. Rxd6 Rxd6 29. Rxd6 Rc8 30. Rd1 Kxh7 31. Rg1 Rg8 32. Rh1+ Kg7 33. Kd2 Rd8+ 34. Ke3 Kg6 35. Rc1 Rd6 36. c3 e5 37. cxb4 axb4 38. Rc4 Bd7 39. Rxb4 Ra6 40. Bc2 Rc6 41. Bd3 Rc1 42. a5 Ra1 43. a6 Bc8 44. Rb8 Be6 45. Rb7 Bc8 46. Rc7 Bxa6 47. Rc6+ f6 48. Rxa6 Rh1 49. b4 Rh2 50. Rb6 Rb2 51. b5 Kf7 52. Rb8 Ke7 53. Rh8 Rb4 54. Kd2 Ra4 55. b6 Kd6 56. b7 1-0

[Event "6th Uppsala Young Champions 2019"]
[Site "Uppsala"]
[Date "2019.10.29"]
[Round "7.3"]
[White "Abdrlauf, Elham"]
[Black "Thorhallsson, Simon"]
[Result "0-1"]
[ECO "C01"]
[WhiteElo "2213"]
[BlackElo "2190"]
[Annotator "ChessBase"]
[PlyCount "118"]
[EventDate "2019.10.25"]
[EventType "swiss"]
[EventCountry "SWE"]
[SourceTitle "playchess.com"]
[Source "ChessBase"]
[SourceQuality "1"]
[TimeControl "5400+30"]

1. e4 e6 2. c4 d5 3. exd5 exd5 4. d4 Bb4+ 5. Nc3 Nf6 6. Bd3 O-O 7. Nge2 dxc4 8. Bxc4 h6 9. O-O Nc6 10. Bf4 Bd6 11. d5 Bxf4 12. Nxf4 Ne7 13. Qb3 Qd6 14. g3 a6 15. a4 Bg4 16. Rfe1 Nf5 17. Ne4 Nxe4 18. Rxe4 Qf6 19. h3 Nd6 20. Re3 Bd7 21. Bf1 Rae8 22. Rxe8 Rxe8 23. Rc1 Rc8 24. Bg2 Qd4 25. a5 Qd2 26. Qc3 Qxc3 27. Rxc3 Nb5 28. Rc1 Kf8 29. Nd3 Nd4 30. Rc4 Ne2+ 31. Kf1 Bb5 32. b3 Bxc4 33. bxc4 Nd4 34. Nc5 Ke7 35. Nxb7 c6 36. Ke1 cxd5 37. Bxd5 Nb3 38. Ke2 Nc5 39. Ke3 Rc7 40. Nxc5 Rxc5 41. Kd4 Rxa5 42. c5 Ra1 43. Bc4 a5 44. Bb5 a4 45. Kc3 a3 46. Ba4 Rf1 47. Kb3 Rxf2 48. Kxa3 Rf3+ 49. Kb4 Kd8 50. Kb5 Kc7 51. Bd1 Rxg3 52. Bg4 g6 53. Bd1 Rxh3 54. c6 f5 55. Kc5 Rc3+ 56. Kd5 Rd3+ 57. Ke5 Rxd1 58. Kf6 f4 59. Kg7 f3 0-1

[Event "6th Uppsala Young Champions 2019"]
[Site "Uppsala"]
[Date "2019.10.29"]
[Round "7.4"]
[White "Berglind, Axel"]
[Black "Sorensen, Hampus"]
[Result "0-1"]
[ECO "D11"]
[WhiteElo "2062"]
[BlackElo "2330"]
[Annotator "RC"]
[PlyCount "94"]
[EventDate "2019.10.25"]
[EventType "swiss"]
[EventCountry "SWE"]
[SourceTitle "playchess.com"]
[Source "ChessBase"]
[SourceQuality "1"]
[TimeControl "5400+30"]

1. d4 d5 2. Nf3 Nf6 3. g3 c6 4. Bg2 Bf5 5. O-O e6 6. c4 Nbd7 7. b3 Be7 8. e3 h6 9. Bb2 O-O 10. Qe2 a5 11. Nc3 Qb6 12. Nh4 Bh7 13. f4 Rad8 14. Rad1 Qa6 15. f5 Rfe8 16. fxe6 fxe6 17. e4 dxc4 18. bxc4 e5 19. d5 Nb6 20. Nf5 Bxf5 21. Rxf5 Qxc4 22. Kh1 Qxe2 23. Nxe2 Nc4 24. Bc1 Nd6 25. Rff1 Ndxe4 26. Bb2 Bc5 27. Nc3 Nf2+ 28. Rxf2 Bxf2 29. dxc6 bxc6 30. Bxc6 Rxd1+ 31. Nxd1 Rc8 32. Bb7 Rb8 33. Bxe5 Rxb7 34. Nxf2 Nd5 35. Kg2 Nb4 36. a3 Nc2 37. Bd6 Ne3+ 38. Kf3 Nc4 39. Bc5 Nxa3 40. Ke3 Nb5 41. Kd3 Nc7 42. Kc4 Ne6 43. Ba3 Rc7+ 44. Kb5 Rc2 45. Ne4 Rxh2 46. Kxa5 Re2 47. Nd6 Re3 0-1

[Event "6th Uppsala Young Champions 2019"]
[Site "Uppsala"]
[Date "2019.10.29"]
[Round "7.5"]
[White "Papunidi, Matvey"]
[Black "Crevatin, Leo"]
[Result "1/2-1/2"]
[ECO "A11"]
[WhiteElo "2083"]
[BlackElo "2221"]
[Annotator "ChessBase"]
[PlyCount "61"]
[EventDate "2019.10.25"]
[EventType "swiss"]
[EventCountry "SWE"]
[SourceTitle "playchess.com"]
[Source "ChessBase"]
[SourceQuality "1"]
[TimeControl "5400+30"]

1. c4 c6 2. Nc3 d5 3. e3 Nf6 4. Nf3 e6 5. b3 Bd6 6. Bb2 O-O 7. Be2 e5 8. cxd5 cxd5 9. Nb5 e4 10. Nfd4 Be7 11. Rc1 a6 12. Nc3 Nbd7 13. Nf5 Bb4 14. g4 Ne5 15. a3 Ba5 16. Nxd5 Bxf5 17. Nxf6+ Qxf6 18. gxf5 Qxf5 19. Bxe5 Qxe5 20. b4 Bb6 21. d4 exd3 22. Qxd3 Rfd8 23. Qc3 Qxc3+ 24. Rxc3 a5 25. O-O axb4 26. axb4 Ra4 27. Rd1 Kf8 28. Rxd8+ Bxd8 29. b5 Ba5 30. Rc8+ Ke7 31. Kg2 1/2-1/2

[Event "6th Uppsala Young Champions 2019"]
[Site "Uppsala"]
[Date "2019.10.29"]
[Round "7.6"]
[White "Palozza, Christian"]
[Black "Fjallheim, Leif Reinert"]
[Result "1-0"]
[ECO "E62"]
[WhiteElo "2187"]
[BlackElo "1985"]
[Annotator "ChessBase"]
[PlyCount "127"]
[EventDate "2019.10.25"]
[EventType "swiss"]
[EventCountry "SWE"]
[SourceTitle "playchess.com"]
[Source "ChessBase"]
[SourceQuality "1"]
[TimeControl "5400+30"]

1. d4 Nf6 2. c4 g6 3. Nf3 Bg7 4. g3 d6 5. Bg2 O-O 6. Nc3 Nc6 7. O-O Bg4 8. h3 Bxf3 9. Bxf3 Nd7 10. e3 Rb8 11. Rb1 e5 12. d5 Ne7 13. Be2 f5 14. f4 exf4 15. exf4 Bxc3 16. bxc3 b6 17. Be3 Rf7 18. Bd4 Nc5 19. g4 Qd7 20. g5 Re8 21. h4 Ne4 22. Qd3 Qa4 23. Rb2 c6 24. h5 c5 25. Be3 Ng3 26. Bd1 Qa3 27. Rb3 Qa6 28. hxg6 Nxg6 29. Rf3 Ne4 30. Rb2 Qa3 31. Rc2 Kf8 32. Bc1 Qa6 33. Rh3 Ree7 34. Rch2 Rg7 35. Kf1 Ke8 36. Bh5 Kf8 37. Bf3 Qc8 38. Rh6 Qe8 39. Kg2 Qa4 40. Kh3 Qd7 41. Re2 Qe8 42. Kg2 Kg8 43. Rh1 Kf8 44. Kh3 Kg8 45. Kg2 Kf8 46. Rh2 Kg8 47. Rh6 Kf8 48. Bh5 Qd7 49. Qh3 Qe8 50. Qxf5+ Rgf7 51. Bxg6 Rxf5 52. Bxe8 Kxe8 53. Rh1 Rff7 54. Rh3 Kd7 55. Rf3 a6 56. f5 Re5 57. Bf4 Nxg5 58. Bxe5 Nxf3 59. Kxf3 dxe5 60. Ke4 Kd6 61. Rh2 Re7 62. Rh6+ Kd7 63. Rxb6 a5 64. Rb7+ 1-0

[Event "6th Uppsala Young Champions 2019"]
[Site "Uppsala"]
[Date "2019.10.29"]
[Round "7.7"]
[White "Nilsson, Joakim"]
[Black "Narva, David"]
[Result "1-0"]
[ECO "E61"]
[WhiteElo "2305"]
[BlackElo "1979"]
[Annotator "ChessBase"]
[PlyCount "83"]
[EventDate "2019.10.25"]
[EventType "swiss"]
[EventCountry "SWE"]
[SourceTitle "playchess.com"]
[Source "ChessBase"]
[SourceQuality "1"]
[TimeControl "5400+30"]

1. d4 Nf6 2. c4 g6 3. Nf3 Bg7 4. Nc3 O-O 5. Bg5 d6 6. e3 Nbd7 7. Be2 h6 8. Bh4 e5 9. O-O g5 10. Bg3 Nh5 11. dxe5 Nxg3 12. hxg3 Nxe5 13. Qc2 f5 14. Rad1 c6 15. Rd2 Nxf3+ 16. Bxf3 Be5 17. Be2 g4 18. Rfd1 Qf6 19. Bf1 h5 20. Ne2 Qg5 21. Rxd6 Bxd6 22. Rxd6 Rd8 23. c5 Rxd6 24. cxd6 Qf6 25. Qc5 Be6 26. Nd4 Bd5 27. Bd3 b6 28. Qc2 Qxd6 29. Nxf5 Qc5 30. Qa4 Qc1+ 31. Kh2 Qxb2 32. Qf4 Qf6 33. e4 Bf7 34. e5 Qe6 35. Qg5+ Kf8 36. Qg7+ Ke8 37. Nd6+ Ke7 38. Qg5+ Kf8 39. Bc4 Qg6 40. Qf4 Kg7 41. Bxf7 Qh7 42. Qf6+ 1-0

[Event "6th Uppsala Young Champions 2019"]
[Site "Uppsala"]
[Date "2019.10.29"]
[Round "7.8"]
[White "Vitenberg, Noam Aviv"]
[Black "Wernberg, Hugo"]
[Result "1-0"]
[ECO "D36"]
[WhiteElo "2223"]
[BlackElo "2006"]
[Annotator "ChessBase"]
[PlyCount "105"]
[EventDate "2019.10.25"]
[EventType "swiss"]
[EventCountry "SWE"]
[SourceTitle "playchess.com"]
[Source "ChessBase"]
[SourceQuality "1"]
[TimeControl "5400+30"]

1. d4 d5 2. c4 c6 3. Nf3 Nf6 4. Nc3 e6 5. Bg5 h6 6. Bh4 Nbd7 7. cxd5 exd5 8. Qc2 Be7 9. e3 O-O 10. Bd3 Re8 11. O-O Ne4 12. Bxe7 Qxe7 13. b4 Ndf6 14. b5 c5 15. dxc5 Nxc5 16. Rac1 Nxd3 17. Qxd3 Bg4 18. Nxd5 Nxd5 19. Qxd5 Rad8 20. Qc5 Qf6 21. Nd4 Re5 22. Qxa7 Rg5 23. f4 Rh5 24. g3 Rd7 25. Rf2 Qe7 26. Re1 Qb4 27. Rc1 Qe7 28. Rc3 Rhd5 29. Qa3 Qe4 30. Qc1 Bh3 31. a4 Re7 32. Rd2 g5 33. Qc2 gxf4 34. Qxe4 Rxe4 35. gxf4 Rd6 36. Kf2 Rg6 37. Kf3 Re8 38. Rc1 Ra8 39. Ra2 Bg4+ 40. Kf2 Kh8 41. Rg1 h5 42. Raa1 Ra5 43. Rg3 Rd6 44. h3 Bd7 45. Rg5 f6 46. Rxh5+ Kg8 47. Rg1+ Kf8 48. Rh8+ Kf7 49. Rh7+ Kf8 50. Rgg7 Be6 51. Nxe6+ Rxe6 52. Rxb7 Kg8 53. Ra7 1-0

[Event "6th Uppsala Young Champions 2019"]
[Site "Uppsala"]
[Date "2019.10.29"]
[Round "7.9"]
[White "Apol, Luitjen Akselsson"]
[Black "Kristensen, Bjarke Hautop"]
[Result "1/2-1/2"]
[ECO "B48"]
[WhiteElo "2129"]
[BlackElo "2223"]
[Annotator "ChessBase"]
[PlyCount "98"]
[EventDate "2019.10.25"]
[EventType "swiss"]
[EventCountry "SWE"]
[SourceTitle "playchess.com"]
[Source "ChessBase"]
[SourceQuality "1"]
[TimeControl "5400+30"]

1. e4 c5 2. Nf3 e6 3. d4 cxd4 4. Nxd4 Nc6 5. Nc3 Qc7 6. Be3 a6 7. Bd3 Nf6 8. O-O Ne5 9. h3 Bc5 10. Kh1 b5 11. f4 Nxd3 12. cxd3 d6 13. Rc1 Qa7 14. Nce2 Bb7 15. b4 Bb6 16. a4 e5 17. fxe5 dxe5 18. Nf5 Bxe3 19. Rc7 O-O 20. Nxe3 Qxe3 21. Rxb7 Rad8 22. Qe1 Rxd3 23. Nc1 Qxe1 24. Rxe1 Rd4 25. axb5 Rxb4 26. bxa6 Rxb7 27. axb7 Rb8 28. Nd3 Rxb7 29. Nxe5 Re7 30. Nc6 Rxe4 31. Rxe4 Nxe4 32. Kg1 g6 33. Kf1 f5 34. Nd4 Kf7 35. Ke2 Kf6 36. Ke3 Ng5 37. Nc6 Ne6 38. h4 h6 39. Kf3 g5 40. hxg5+ hxg5 41. Nb4 Ke5 42. Nc6+ Kd6 43. Nb4 Kc5 44. Nd3+ Kd4 45. Nf2 Kc4 46. g4 Nd4+ 47. Ke3 f4+ 48. Ke4 f3 49. Ke3 Kd5 1/2-1/2

[Event "6th Uppsala Young Champions 2019"]
[Site "Uppsala"]
[Date "2019.10.29"]
[Round "7.10"]
[White "Rasti, Arvin"]
[Black "Trost, Edvin"]
[Result "1/2-1/2"]
[ECO "B43"]
[WhiteElo "2179"]
[BlackElo "1982"]
[Annotator "ChessBase"]
[PlyCount "76"]
[EventDate "2019.10.25"]
[EventType "swiss"]
[EventCountry "SWE"]
[SourceTitle "playchess.com"]
[Source "ChessBase"]
[SourceQuality "1"]
[TimeControl "5400+30"]

1. e4 c5 2. Nf3 e6 3. d4 cxd4 4. Nxd4 a6 5. Nc3 Qc7 6. g3 b5 7. Bg2 Bb7 8. a3 d6 9. O-O Nf6 10. Be3 Be7 11. f4 O-O 12. g4 d5 13. exd5 Nxd5 14. Nxd5 Bxd5 15. Bxd5 exd5 16. Qd3 Nc6 17. Rad1 Rfe8 18. Nxc6 Qxc6 19. c3 Bc5 20. Bxc5 Qxc5+ 21. Qd4 Qxd4+ 22. Rxd4 Re2 23. Rf2 Rxf2 24. Kxf2 Rd8 25. a4 Rb8 26. Rb4 Kf8 27. axb5 Rxb5 28. Rxb5 axb5 29. Ke3 Ke7 30. Kd4 Kd6 31. h3 f6 32. g5 h6 33. gxh6 gxh6 34. b3 Kc6 35. Ke3 Kc5 36. Kd3 Kd6 37. Kd4 Kc6 38. h4 h5 1/2-1/2

[Event "6th Uppsala Young Champions 2019"]
[Site "Uppsala"]
[Date "2019.10.29"]
[Round "7.11"]
[White "Vainerchuk, Barys"]
[Black "Carlsson, Ludvig"]
[Result "0-1"]
[ECO "C67"]
[WhiteElo "2136"]
[BlackElo "2066"]
[Annotator "ChessBase"]
[PlyCount "68"]
[EventDate "2019.10.25"]
[EventType "swiss"]
[EventCountry "SWE"]
[SourceTitle "playchess.com"]
[Source "ChessBase"]
[SourceQuality "1"]
[TimeControl "5400+30"]

1. e4 e5 2. Nf3 Nc6 3. Bb5 Nf6 4. O-O Nxe4 5. d4 Nd6 6. dxe5 Nxb5 7. a4 Nbd4 8. Nxd4 Nxd4 9. Qxd4 d6 10. Re1 d5 11. e6 Bxe6 12. Nc3 c6 13. Bf4 Qb6 14. Qd2 Be7 15. a5 Qd8 16. a6 b6 17. Ne2 c5 18. Be5 O-O 19. Nf4 Bg5 20. Qd3 Re8 21. Rad1 Bxf4 22. Bxf4 Qf6 23. Be5 Qg6 24. Qd2 d4 25. Bg3 h5 26. b4 Bd5 27. h4 Re4 28. Rxe4 Bxe4 29. Re1 Rc8 30. bxc5 bxc5 31. c3 d3 32. c4 Rd8 33. Kh2 Rd4 34. Bb8 Qxg2# 0-1

[Event "6th Uppsala Young Champions 2019"]
[Site "Uppsala"]
[Date "2019.10.29"]
[Round "7.12"]
[White "Soderstrom, Adrian"]
[Black "Nguyen, Gabriel"]
[Result "1/2-1/2"]
[ECO "D45"]
[WhiteElo "1960"]
[BlackElo "2071"]
[Annotator "NA"]
[PlyCount "59"]
[EventDate "2019.10.25"]
[EventType "swiss"]
[EventCountry "SWE"]
[SourceTitle "playchess.com"]
[Source "ChessBase"]
[SourceQuality "1"]
[TimeControl "5400+30"]

1. d4 Nf6 2. c4 e6 3. Nf3 d5 4. Nc3 c6 5. e3 Nbd7 6. Qc2 Bd6 7. b3 O-O 8. Bb2 e5 9. cxd5 cxd5 10. dxe5 Nxe5 11. Be2 Bg4 12. Nxe5 Bxe5 13. Bxg4 Nxg4 $11 14. h3 Nf6 15. O-O Rc8 16. Qd3 Qa5 17. Rac1 Rfd8 18. Rfd1 h6 19. Qd2 Rc6 20. Ne4 Qxd2 21. Nxf6+ Bxf6 22. Rxd2 Rxc1+ 23. Bxc1 d4 24. exd4 Rxd4 25. Rc2 a6 26. g3 Rd7 27. Kg2 h5 28. h4 g6 29. Rc8+ Kg7 30. Rc2 1/2-1/2

[Event "6th Uppsala Young Champions 2019"]
[Site "Uppsala"]
[Date "2019.10.29"]
[Round "7.13"]
[White "Ostlund, Joar"]
[Black "Muntean, Victor"]
[Result "0-1"]
[ECO "C47"]
[WhiteElo "1955"]
[BlackElo "2020"]
[Annotator "NA"]
[PlyCount "72"]
[EventDate "2019.10.25"]
[EventType "swiss"]
[EventCountry "SWE"]
[SourceTitle "playchess.com"]
[Source "ChessBase"]
[SourceQuality "1"]
[TimeControl "5400+30"]

1. e4 e5 2. Nf3 Nc6 3. Nc3 Nf6 4. d4 exd4 5. Nxd4 Nxe4 6. Nxe4 Qe7 7. f3 d5 8. Bb5 $14 Bd7 9. Bxc6 bxc6 10. O-O dxe4 11. fxe4 O-O-O 12. Qd3 Qb4 13. c3 Qb7 14. Rxf7 c5 15. Bg5 Be6 16. Bxd8 Bxf7 17. Ne2 c4 18. Qh3+ Kxd8 19. Rd1+ Bd6 20. e5 Qb6+ 21. Kh1 Re8 22. exd6 cxd6 23. Qf3 Bg6 24. Nd4 Be4 25. Qf7 Re7 26. Qg8+ Kd7 27. Qxc4 Qxb2 28. Qb5+ Qxb5 29. Nxb5 Kc6 30. a4 d5 31. Kg1 Kc5 32. Rd4 a6 33. Na3 Rb7 34. Rd2 Rb3 35. Ra2 Rxc3 36. Kf2 Kb4 0-1